 Dungeon Crawl Stone Soup version 0.21.0-3-g78d12a8bdd (webtiles) character file.

149 Esekla the Conjurer (level 5, -1/37 HPs)
             Began as a Formicid Conjurer on Jan 17, 2018.
             Was an Initiate of Vehumet.
             Slain by Terence
             ... wielding a +0 mace
              (4 damage)
             ... on level 3 of the Dungeon.
             The game lasted 00:19:32 (1953 turns).

Esekla the Conjurer (Formicid Conjurer)             Turns: 1953, Time: 00:19:32

Health: -1/37      AC:  2    Str: 13    XL:     5   Next: 57%
Magic:  0/8        EV: 12    Int: 15    God:    Vehumet [......]
Gold:   7          SH:  0    Dex: 11    Spells: 3/9 levels left

rFire    . . .     SeeInvis +   f - +0 dagger
rCold    . . .     Gourm    .   (no shield)
rNeg     . . .     Faith    .   a - +0 robe
rPois    .         Spirit   .   (helmet unavailable)
rElec    .         Reflect  .   (no cloak)
rCorr    .         Harm     .   (no gloves)
MR       .....                  (no boots)
Stlth    ++........             (no amulet)
HPRegen  0.12/turn              (no ring)
MPRegen  0.11/turn              (no ring)

@: no status effects
A: permanent stasis, dig shafts and tunnels, four strong arms, antennae 3
a: Dig, Shaft Self, Renounce Religion


You were on level 3 of the Dungeon.
You worshipped Vehumet.
Vehumet was noncommittal.
You were not hungry.

You visited 1 branch of the dungeon, and saw 4 of its levels.

You collected 7 gold pieces.

Inventory:

Hand Weapons
 d - a +0 spear
 e - a +0 hand axe
 f - a +0 dagger (weapon)
Armour
 a - a +0 robe (worn)
Scrolls
 g - a scroll of amnesia {unknown}
 h - a scroll of blinking {unknown}
 j - 3 scrolls of identify {unknown}
 l - a scroll of teleportation {unknown}
 q - a scroll of magic mapping {unknown}
Potions
 i - 2 potions of ambrosia {unknown}
 k - a potion of degeneration {unknown}
 m - a potion of resistance {unknown}
 n - a potion of invisibility {unknown}
 o - a potion of mutation {unknown}
 p - 2 potions of lignification {unknown}
Books
 b - a book of Conjurations

   Spells                             Type                      Level
   a - Magic Dart                     Conjuration                  1
   b - Searing Ray                    Conjuration                  2
   c - Dazzling Spray                 Conjuration/Hexes            3
   d - Fulminant Prism                Conjuration/Hexes            4
   e - Force Lance                    Conjuration/Translocation    4
   f - Iskenderun's Mystic Blast      Conjuration                  4


   Skills:
 + Level 1.5 Fighting
 * Level 1.6 Short Blades
 + Level 2.1 Dodging
 + Level 3.4 Stealth
 + Level 2.5 Spellcasting
 + Level 4.4 Conjurations
 * Level 1.5 Hexes


You had 3 spell levels left.
You knew the following spells:

 Your Spells              Type           Power        Failure   Level  Hunger
a - Magic Dart            Conj           ###.         3%          1    #......
b - Searing Ray           Conj           ###...       4%          2    ###....
c - Dazzling Spray        Conj/Hex       ##....       19%         3    ###....


Dungeon Overview and Level Annotations

Branches:
Dungeon (4/15)
 Temple: D:4-7

Altars:
Ashenzari
Cheibriados
Kikubaaqudgha
Qazlal
Vehumet

Annotations:
D:3 Terence


Innate Abilities, Weirdness & Mutations

You cannot be hasted, slowed, berserked, paralysed or teleported.
You can dig through walls and to a lower floor.
Your four strong arms can wield two-handed weapons with a shield.
You have a pair of large antennae on your head. (SInv)


Message History

Terence is almost dead.
Casting: Searing Ray
Confirm with . or Enter, or press ? or * to list all spells.
Aiming: Magic Dart
Press: ? - help, Shift-Dir - straight line, f/p - Terence
Aim: Terence, wielding a mace and wearing a chain mail (almost dead)
The magic dart hits Terence.
Terence is almost dead.
Terence hits you but does no damage.
You hit Terence but do no damage.
Terence is almost dead.
Terence barely misses you.
You hit Terence but do no damage.
Terence is almost dead.
Terence hits you with a mace.
* * * LOW HITPOINT WARNING * * *
You hit Terence but do no damage.
Terence is almost dead.
Terence hits you with a mace.
You die...

#.......#{
##.###.##
#.#.#(#
##@#.#(#
#....#.#
##.#.#(#
#.#.#.#
##.#.#.#
#...@#.######
##.#.@........
#.#.#########
#<#.# #####


You could see Terence.

Vanquished Creatures
  An ogre (D:4)
  2 adders (D:2)
  An ooze (D:3)
  2 leopard geckos
  2 giant cockroaches (D:1)
  5 goblins
  6 hobgoblins
  3 jackals
  2 kobolds
  2 quokkas (D:2)
  3 bats (D:2)
  2 frilled lizards
  7 rats
38 creatures vanquished.

Notes
Turn   | Place    | Note
-------+----------+-------------------------------------------
     0 | D:1      | Esekla the Formicid Conjurer began the quest for the Orb.
     0 | D:1      | Reached XP level 1. HP: 13/13 MP: 3/3
   230 | D:1      | Reached XP level 2. HP: 10/19 MP: 3/5
   234 | D:1      | Learned a level 2 spell: Searing Ray
   533 | D:1      | Reached skill level 4 in Conjurations
   651 | D:1      | You fall through a shaft!
   978 | D:2      | Reached XP level 3. HP: 13/25 MP: 2/6
  1153 | D:3      | Learned a level 3 spell: Dazzling Spray
  1181 | D:4      | Noticed an ogre
  1189 | D:4      | Killed an ogre
  1189 | D:4      | Reached skill level 1 in Fighting
  1189 | D:4      | Reached skill level 1 in Short Blades
  1189 | D:4      | Reached skill level 1 in Hexes
  1189 | D:4      | Reached XP level 4. HP: 32/32 MP: 0/7
  1189 | D:4      | Reached XP level 5. HP: 37/37 MP: 0/8
  1734 | D:2      | Found a snail-covered altar of Cheibriados.
  1734 | D:2      | Found an ancient bone altar of Kikubaaqudgha.
  1735 | D:2      | Found a radiant altar of Vehumet.
  1741 | D:2      | Became a worshipper of Vehumet
  1774 | D:2      | Found a shattered altar of Ashenzari.
  1896 | D:3      | Noticed Terence
  1897 | D:3      | Noticed an air elemental
  1921 | D:3      | Found a stormy altar of Qazlal.
  1953 | D:3      | Slain by Terence

Skill      XL: |  1  2  3 |
---------------+----------+-----
Conjurations   | 4 |  4.4
Fighting       | 1 |  1.5
Short Blades   | 1 |  1.6
Dodging        | 2 |  2.1
Stealth        | 3 |  3.4
Hexes          | 1 |  1.5
Spellcasting   | |  2.5

Action                   |  1- 3 |  4- 6 || total
-------------------------+-------+-------++-------
Melee: Spear             |    17 |       ||    17
       Unarmed           |     1 |       ||     1
       Dagger            |    49 |    44 ||    93
 Cast: Magic Dart        |    18 |     9 ||    27
       Searing Ray       |     1 |     2 ||     3
       Dazzling Spray    |     2 |       ||     2
 Abil: Shaft Self        |     1 |       ||     1
 Stab: Sleeping          |     3 |     8 ||    11
  Eat: Ration            |     1 |     1 ||     2
Armor: Robe              |    13 |     3 ||    16
Dodge: Dodged            |    73 |    15 ||    88
